 Dungeon Crawl Stone Soup version 0.29.1-2-gbd0b4ee654 (webtiles) character file.

Game seed: 14976256977900523996

3211 qeuew the Covert (level 9, 0/39 HPs)
             Began as a Spriggan Enchanter on Nov 15, 2022.
             Was a Follower of Dithmenos.
             Slain by a gnoll
             ... wielding a +1 spear of flaming
             ... led by a gnoll sergeant
              (5 damage)
             ... on level 8 of the Dungeon.
             The game lasted 00:11:12 (8871 turns).

qeuew the Covert (Spriggan Enchanter)               Turns: 8871, Time: 00:11:12

Health: 0/39       AC:  2    Str:  4    XL:     9   Next: 65%
Magic:  16/20      EV: 20    Int: 16    God:    Dithmenos [*.....]
Gold:   471        SH:  5    Dex: 18    Spells: 11/22 levels left

rFire   + . .      SeeInvis +   g - +11 short sword "Spiderbane" {flame, +Blink rF+ Int-4 Stlth+}
rCold   . . .      Faith    .   (no shield)
rNeg    . . .      Spirit   .   l - +0 troll leather armour
rPois   +          Reflect  +   (helmet restricted)
rElec   .          Harm     .   (no cloak)
rCorr   +          Rampage  .   (gloves unavailable)
Will    +....                   (boots unavailable)
Stlth   ++++++....              h - amulet of reflection
HPRegen 0.93/turn               j - ring of poison resistance
MPRegen 0.17/turn               r - ring "Kiever" {rCorr Int+2}

@: wreathed by umbra, very quick
A: very small, no large weapons, unfitting armour, see invisible, speed 3, claws
1, deformed body
a: Renounce Religion, Evoke Blink


You were on level 8 of the Dungeon.
You worshipped Dithmenos.
Dithmenos was aware of your devotion.
You visited 2 branches of the dungeon, and saw 9 of its levels.

You collected 471 gold pieces.

Inventory:

Hand Weapons
 g - the +11 short sword "Spiderbane" (weapon) {flame, +Blink rF+ Int-4 Stlth+}
   (You took it off a kobold on level 2 of the Dungeon)

   It burns those it strikes, dealing additional fire damage.
   Int:       It affects your intelligence (-4).
   rF:        It protects you from fire.
   +Blink:    It lets you blink.
   Stlth:     It makes you more stealthy.
Missiles
 s - a throwing net
Armour
 l - a +0 troll leather armour (worn)
Jewellery
 h - an amulet of reflection (around neck)
 j - a ring of poison resistance (left claw)
 r - the ring "Kiever" (right claw) {rCorr Int+2}
   (You acquired it on level 7 of the Dungeon)

   [ring of resist corrosion]

   Int:       It affects your intelligence (+2).
   rCorr:     It protects you from acid and corrosion.
Wands
 b - a wand of iceblast (14)
 o - a wand of paralysis (10)
 u - a wand of flame (13)
Scrolls
 a - a scroll of butterflies
 n - 2 scrolls of enchant armour
 p - a scroll of teleportation
 q - a scroll of enchant weapon
Potions
 c - 2 potions of invisibility
 e - 5 potions of ambrosia
 f - 2 potions of curing
 i - a potion of might
 k - 2 potions of resistance
 m - a potion of cancellation


   Skills:
 + Level 6.2 Short Blades
 + Level 7.7 Dodging
 + Level 10.0 Stealth
 + Level 7.2 Spellcasting
 + Level 7.6 Hexes
 + Level 6.6 Evocations


You had 11 spell levels left.
You knew the following spells:

 Your Spells              Type           Power      Damage    Failure   Level
a - Ensorcelled Hibernat  Hex/Ice        36%        N/A       7%          2
b - Confusing Touch       Hex            30%        N/A       2%          3
c - Tukima's Dance        Hex            30%        N/A       2%          3
d - Dazzling Flash        Conj/Hex       36%        N/A       14%         3

Your spell library contained the following spells:

 Spells                   Type           Power      Damage    Failure   Level
 Inner Flame              Hex/Fire       18%        N/A       14%         3
 Foxfire                  Conj/Fire      20%        2x1d5     22%         1
 Magic Dart               Conj           20%        1d4       22%         1
 Searing Ray              Conj           10%        2d4       32%         2
 Fulminant Prism          Conj/Hex       9%         3d7       41%         4
 Conjure Flame            Conj/Fire      5%         6-21      54%         3
 Gell's Gravitas          Tloc           5%         N/A       54%         3
 Stone Arrow              Conj/Erth      10%        3d7       54%         3
 Teleport Other           Tloc           5%         N/A       54%         3
 Animate Armour           Summ/Erth      10%        N/A       91%         4
 Flame Wave               Conj/Fire      5%         2d5       91%         4
 Dispersal                Tloc           2%         N/A       100%        6
 Lehudib's Crystal Spear  Conj/Erth      2%         10d2      100%        8


Dungeon Overview and Level Annotations

Branches:
Dungeon (8/15)             Temple (1/1) D:6
   Lair: D:8-11

Altars:
Dithmenos
Elyvilon
Fedhas
Gozag
Hepliaklqana
Kikubaaqudgha
Nemelex Xobeh
Okawaru
Qazlal
Ru
Trog
Wu Jian
Xom
Yredelemnul
Zin
The Shining One

Shops:
D:4 (

Annotations:
D:5 1 runed translucent door, qeuew's ghost, novice MfGl


Innate Abilities, Weirdness & Mutations

You are very small and have problems with some larger weapons.
You are too small for most types of armour.
You have supernaturally acute eyesight. (SInv)
You cover ground extremely quickly. (Speed+++)
You have sharp fingernails.
Armour fits poorly on your strangely shaped body.


Message History

You hit the gnoll. You burn the gnoll.
The gnoll is heavily wounded.
The gnoll completely misses you.
You barely miss the gnoll.
The gnoll is heavily wounded.
You hit the gnoll but do no damage.
The gnoll is heavily wounded.
You block the gnoll's attack.
You puncture the gnoll! You burn the gnoll.
You kill the gnoll!
Dithmenos accepts your kill.
Your Stealth skill increases to level 10!
n - 2 scrolls of enchant armour (gained 1)
You see here a +0 spear.
Things that are here:
a +4 long sword of freezing; a +0 halberd
There is a stone staircase leading down here.
You start resting.
Magic restored.
You climb downwards.
The gnoll sergeant misses you. The gnoll barely misses you.
There is a stone staircase leading up, spattered with blood here.
You barely miss the gnoll sergeant. You puncture the gnoll sergeant!
You burn the gnoll sergeant.
The gnoll sergeant is heavily wounded.
The gnoll sergeant barely misses you. You block the gnoll's attack.
The gnoll sergeant resists with some effort.
The gnoll hits you from afar with a +1 spear of flaming.
The gnoll burns you.
The gnoll sergeant hits you with a +0 spear!
* * * LOW HITPOINT WARNING * * *
You are too injured to fight recklessly!
Aiming: Ensorcelled Hibernation (safe; 7% risk of failure)
Press: ? - help, Q - select action, (/) - cycle Shift-Dir - straight line, f/p - gnoll sergeant
Aim: a gnoll sergeant, wielding a +0 spear and wearing a +0 scale mail (heavily wounded, umbra, chance to affect: 50%)
The gnoll sergeant resists with some effort.
The gnoll sergeant hits you with a +0 spear.
* * * LOW HITPOINT WARNING * * *
The gnoll hits you from afar with a +1 spear of flaming.
You die...

## ###### ..
#....##. #......
#..... #....# ###
#....# #...#.g@.#
#...##.### ###
#....g.# ....
#...#..##.....
####.##.........
##.....#.........
#.......[........
......?..........
.................


You could see a gnoll sergeant and a gnoll.

Vanquished Creatures
  A troll (D:7)
  Prince Ribbit (D:6)
  A yak (D:6)
  5 water moccasins
  2 ice beasts
  2 ogres (D:6)
  A centaur (D:5)
  2 necrophages
  A bullfrog (D:6)
  8 scorpions
  4 wights (D:7)
  2 howler monkeys (D:6)
  2 orc priests (D:3)
  4 hounds
  2 jellies (D:5)
  5 iguanas
  7 orc wizards
  2 gnolls (D:7)
  7 adders
  3 shadow imps
  An ufetubus (D:5)
  4 worms
  A dart slug (D:5)
  17 orcs
  2 ball pythons
  4 endoplasms
  2 giant cockroaches
  11 goblins
  9 hobgoblins
  4 quokkas
  6 bats
  3 frilled lizards
  8 kobolds
  2 rats
136 creatures vanquished.

Vanquished Creatures (others)
  An orc (D:8)
1 creature vanquished.

Grand Total: 137 creatures vanquished

Notes
Turn   | Place    | Note
-------+----------+-------------------------------------------
     0 | D:1      | qeuew the Spriggan Enchanter began the quest for the Orb.
     0 | D:1      | Reached XP level 1. HP: 9/9 MP: 5/5
     3 | D:1      | Noticed an electric eel
     4 | D:1      | Noticed an electric eel
   509 | D:1      | Reached XP level 2. HP: 7/13 MP: 6/6
   512 | D:1      | Learned a level 2 spell: Ensorcelled Hibernation
  2120 | D:2      | Noticed a scorpion
  2187 | D:2      | Killed a scorpion
  2188 | D:2      | Reached skill level 5 in Stealth
  2188 | D:2      | Reached XP level 3. HP: 15/16 MP: 5/8
  2188 | D:2      | Reached XP level 4. HP: 19/21 MP: 6/10
  2307 | D:2      | Learned a level 3 spell: Confusing Touch
  2311 | D:2      | Learned a level 3 spell: Tukima's Dance
  2540 | D:2      | Found a faded altar of an unknown god.
  2981 | D:2      | Identified the +11 short sword "Spiderbane" {flame, +Blink
                  | rF+ Int-4 Stlth+}
  3156 | D:3      | Reached XP level 5. HP: 24/24 MP: 2/11
  3296 | D:3      | HP: 1/24 [orc priest/+0 club (4)]
  3310 | D:3      | Reached skill level 6 in Stealth
  3310 | D:3      | Reached skill level 1 in Evocations
  3453 | D:3      | Learned a level 3 spell: Dazzling Flash
  3520 | D:3      | Noticed a water moccasin
  3525 | D:3      | Killed a water moccasin
  3526 | D:3      | Reached XP level 6. HP: 28/28 MP: 10/13
  3541 | D:3      | Reached skill level 5 in Hexes
  4054 | D:4      | Found a basalt altar of Yredelemnul.
  4152 | D:4      | Found Remocvub's Weapon Shoppe.
  4383 | D:5      | Entered Level 5 of the Dungeon
  4445 | D:5      | Noticed qeuew's ghost (novice MfGl)
  4449 | D:5      | Found a runed translucent door.
  4627 | D:5      | Reached XP level 7. HP: 31/32 MP: 14/14
  4640 | D:5      | Reached skill level 5 in Dodging
  4824 | D:5      | Reached skill level 7 in Stealth
  5027 | D:5      | Reached skill level 5 in Spellcasting
  5256 | D:5      | Reached XP level 8. HP: 10/36 MP: 4/16
  5860 | D:6      | Gained mutation: Armour fits poorly on your strangely
                  | shaped body. [potion of mutation]
  5860 | D:6      | Gained mutation: You have sharp fingernails. [potion of
                  | mutation]
  5995 | D:6      | Found a sparkling altar of Nemelex Xobeh.
  6239 | D:6      | Reached skill level 8 in Stealth
  6501 | D:6      | Reached skill level 5 in Short Blades
  6501 | D:6      | Reached skill level 5 in Evocations
  6510 | D:6      | Noticed Prince Ribbit
  6517 | D:6      | Killed Prince Ribbit
  6693 | D:6      | Found a staircase to the Ecumenical Temple.
  6776 | Temple   | Entered the Ecumenical Temple
  6966 | Temple   | Became a worshipper of Dithmenos the Shadowed
  7059 | D:6      | Reached XP level 9. HP: 39/39 MP: 19/19
  7265 | D:7      | Reached skill level 9 in Stealth
  7657 | D:7      | Noticed a troll
  7670 | D:7      | Killed a troll
  8707 | D:7      | Identified a scroll of acquirement
  8707 | D:7      | Acquired the ring "Kiever" {rCorr Int+2}
  8849 | D:7      | Reached * piety under Dithmenos
  8855 | D:7      | Reached skill level 10 in Stealth
  8871 | D:8      | Slain by a gnoll

Illustrated notes

Levels and vault maps discovered:
D:1:      arrival_aquarium_b, layout_loops_corners, minmay_crystal_water,
          minivault_25
D:2:      layout_rooms, chequers_ecumenical_altar_twisty
D:3:      layout_basic, nicolae_titane
D:4:      layout_rooms, amcnicky_altar_gilded, serial_shops, kennysheep_mini
D:5:      minmay_spotlight, layout_layer_cave, hellmonk_ghost_happy_afterlife,
          grunt_ministairs_4
D:6:      layout_gridville, mainiacjoe_overflow_catwalk,
          minmay_temple_entry_fiery, uniq_prince_ribbit1
D:7:      layout_layer_cave
D:8:      layout_rooms, fiery_altar_vehumet, erik_lair_orcish_takeover
Temple:   kb_temple_of_zot

Skill      XL: |  1  2  3  4  5  6  7  8  9 |
---------------+----------------------------+-----
Dodging        | 3 4 5 6 7 |  7.7
Spellcasting   | 3 4 5 6 7 |  7.2
Short Blades   | 2 3 4 5 6 |  6.2
Stealth        | 5 6 7 8 10 | 10.0
Hexes          | 4 5 6 7 |  7.6
Evocations     | 1 2 4 5 6 |  6.6

Action                   |  1- 3 |  4- 6 |  7- 9 || total
-------------------------+-------+-------+-------++-------
Melee: Dagger            |    67 |    43 |       ||   110
       Short sword       |       |    61 |   152 ||   213
       Punch             |       |       |     2 ||     2
 Cast: Ensorcelled Hiber |     8 |    11 |    20 ||    39
       Dazzling Flash    |       |       |     1 ||     1
       Confusing Touch   |       |       |     1 ||     1
       Tukima's Dance    |       |       |     1 ||     1
  Use: Scroll            |     2 |    10 |     7 ||    19
       Potion            |       |     7 |     3 ||    10
 Stab: Sleeping          |    10 |    21 |    25 ||    56
       Distracted        |       |     2 |       ||     2
       Invisible         |       |     2 |     2 ||     4
Armor: Robe              |     7 |     6 |     7 ||    20
       Troll leather arm |       |       |     1 ||     1
Dodge: Dodged            |    48 |    79 |   139 ||   266
Block: Other             |       |     1 |    34 ||    35
